 Dungeon Crawl Stone Soup version 0.18.1-51-gd549091e01 (webtiles) character file.

30 magog001 the Sneak (level 3, 0/28 HPs)
             Began as a Deep Dwarf Enchanter on Mar 31, 2021.
             Slain by an adder (4 damage)
             ... on level 2 of the Dungeon.
             The game lasted 00:07:10 (942 turns).

magog001 the Sneak (Deep Dwarf Enchanter)            Turns: 942, Time: 00:07:11

Health: 0/28       AC:  3    Str: 11    XL:     3   Next: 5%
Magic:  6/6        EV: 12    Int: 16    God:
Gold:   0          SH:  0    Dex: 13    Spells: 2 memorised, 3 levels left

rFire  + . .     SeeInvis .     a - +1 dagger
rCold  + . .     Gourm    .     b - +1 robe
rNeg   . . .     Faith    .     (no shield)
rPois  +         Spirit   .     (no helmet)
rElec  +         Dismiss  .     (no cloak)
rCorr  +         Reflect  .     (no gloves)
SustAt .         Harm     .     (no boots)
MR     .....                    (no amulet)
Stlth  ++........               (no ring)
                                (no ring)

@: lethally poisoned (0 -> 0), resistant, very slightly contaminated,
non-regenerating, not resistant to hostile enchantments, unstealthy
A: damage resistance, recharge devices, sense surroundings 1, slow regeneration
3
a: Device Recharging


You were on level 2 of the Dungeon.
You were not hungry.

You visited 1 branch of the dungeon, and saw 2 of its levels.

Inventory:

Hand Weapons
 a - a +1 dagger (weapon)
Missiles
 e - 2 curare-tipped needles
Armour
 b - a +1 robe (worn)
Wands
 d - a wand of heal wounds (5/9)
Scrolls
 j - a scroll of amnesia {unknown}
 k - a scroll of identify {unknown}
Potions
 h - a potion of resistance
 l - a potion of curing {unknown}
Books
 c - a book of Maledictions

   Spells                             Type                      Level
   a - Corona                         Hexes                        1
   b - Ensorcelled Hibernation        Hexes/Ice                    2
   c - Confuse                        Hexes                        3
   d - Tukima's Dance                 Hexes                        3
   e - Dazzling Spray                 Conjuration/Hexes            3
Comestibles
 f - a bread ration
 g - 5 chunks of flesh


   Skills:
 + Level 0.1 Fighting
 * Level 1.6 Short Blades
 * Level 0.1 Throwing
 + Level 2.3 Dodging
 * Level 3.9 Stealth
 * Level 2.0 Spellcasting
 * Level 2.6 Hexes


You had 3 spell levels left.
You knew the following spells:

 Your Spells              Type           Power        Failure   Level  Hunger
a - Corona                Hex            ##.....      10%         1    #......
b - Ensorcelled Hibernat  Hex/Ice        #.....       21%         2    ###....


Dungeon Overview and Level Annotations

Branches:
Dungeon (2/15)

Altars:


Innate Abilities, Weirdness & Mutations

You are resistant to damage.
You can recharge devices by infusing magical energy.
You passively map a small area around you.
You do not regenerate naturally.


Message History

Casting: Corona
Confirm with . or Enter, or press ? or * to list all spells.
Aiming: Ensorcelled Hibernation
Press: ? - help, Shift-Dir - straight line, f - adder
Aim: an adder (moderately wounded, chance to defeat MR: 46%)
You miscast Ensorcelled Hibernation.
You are very lightly contaminated with residual magic.
Nothing appears to happen.
The adder bites you.
* * * LOW HITPOINT WARNING * * *
You are more poisoned.
The adder poisons you!
Drink which item? (? for menu, Esc to quit)
It was a potion of resistance.
You feel protected. The adder bites you.
* * * LOW HITPOINT WARNING * * *
The adder barely misses you.
Drink which item? (? for menu, Esc to quit)
It was a potion of magic.
Magic courses through your body. The adder bites you.
You die...

#.# #.##.# #.#
#.##.# #.# #.##.#
#.#####.##.#
...........#
....###.##.# *,
....###.)..#
........#.##########
.######.#...@S......
* ###.#.#########.
#...#.# * #.###.# ,
#. #.# * * #( #.# ,
, .. ..# * #. #. ,
#. ,


You could see an adder.

Vanquished Creatures
  2 dart slugs (D:1)
  A giant cockroach (D:1)
  5 goblins (D:1)
  2 hobgoblins (D:1)
  4 jackals
  2 kobolds
  2 bats (D:1)
  6 rats
24 creatures vanquished.

Notes
Turn   | Place    | Note
--------------------------------------------------------------
     0 | D:1      | magog001 the Deep Dwarf Enchanter began the quest for the Orb.
     0 | D:1      | Reached XP level 1. HP: 15/15 MP: 3/3
    49 | D:1      | Reached skill level 1 in Short Blades
   231 | D:1      | Reached XP level 2. HP: 17/22 MP: 4/4
   518 | D:1      | Learned a level 2 spell: Ensorcelled Hibernation
   861 | D:2      | Reached XP level 3. HP: 16/28 MP: 6/6
   942 | D:2      | Slain by an adder

Skill      XL: |  1  2 |
---------------+-------+-----
Short Blades   | 1 |  1.6
Spellcasting   | 2 |  2.0
Fighting       | |  0.1
Throwing       | |  0.1
Dodging        | |  2.3
Stealth        | |  3.9
Hexes          | |  2.6

Action                   || total
-------------------------++-------
Melee: Dagger            ||   108
  Use: Potion            ||     2
 Stab: Sleeping          ||     2
Armor: Robe              ||    23
Dodge: Dodged            ||    71
